 Dungeon Crawl Stone Soup version 0.18.1-50-g88ac8fd (webtiles) character file.

232 Amnesiac the Ducker (level 5, 0/32 HPs)
             Began as a Deep Elf Fighter on Mar 2, 2018.
             Slain by a scorpion (1 damage)
             ... on level 5 of the Dungeon.
             The game lasted 00:07:05 (3918 turns).

Amnesiac the Ducker (Deep Elf Fighter)              Turns: 3918, Time: 00:07:06

Health: 0/32       AC:  9    Str: 14    XL:     5   Next: 73%
Magic:  7/7        EV: 11    Int: 13    God:
Gold:   189        SH:  8    Dex: 14    Spells: 0 memorised, 4 levels left

rFire  . . .     SeeInvis .     a - +0 rapier
rCold  . . .     Gourm    +     x - +0 mottled dragon armour
rNeg   . . .     Faith    .     c - +0 shield
rPois  .         Spirit   .     o - +2 helmet
rElec  .         Dismiss  .     (no cloak)
rCorr  .         Reflect  .     (no gloves)
SustAt .         Harm     .     (no boots)
MR     .....                    n - amulet of the gourmand
Stlth  +.........               (no ring)
                                (no ring)

@: not resistant to hostile enchantments, very unstealthy
A: no striking features
a: no special abilities


You were on level 5 of the Dungeon.
You were completely stuffed.

You visited 1 branch of the dungeon, and saw 5 of its levels.

You collected 189 gold pieces.

Inventory:

Hand Weapons
 a - a +0 rapier (weapon)
 b - a +0 hunting sling
Missiles
 i - 137 stones (quivered)
 p - 16 poisoned needles
Armour
 c - a +0 shield (worn)
 o - a +2 helmet (worn)
 x - a +0 mottled dragon armour (worn)
Jewellery
 n - an amulet of the gourmand (around neck)
Scrolls
 e - 2 scrolls of magic mapping {!r}
 g - 3 scrolls of remove curse {!r}
 l - a scroll of identify {!r}
 m - 2 scrolls of random uselessness {!r}
 s - a scroll of immolation {!r, unknown}
 t - a scroll of teleportation {!r, unknown}
 u - a scroll of enchant armour {!r}
 v - a scroll of fog {!r}
Potions
 h - a potion of brilliance {!q}
Comestibles
 f - 2 bread rations
 r - 2 meat rations
 w - a beef jerky


   Skills:
 - Level 3.0 Fighting
 + Level 2.0 Short Blades
 - Level 3.0 Armour
 - Level 5.0 Dodging
 - Level 3.0 Shields


You had 4 spell levels left.
You didn't know any spells.

Dungeon Overview and Level Annotations

Branches:
Dungeon (5/15)
 Temple: D:4-7

Altars:
Ashenzari
Elyvilon
Fedhas
Kikubaaqudgha
Okawaru
Qazlal
Vehumet
Yredelemnul

Annotations:
D:3 Natasha
D:4 Pikel


Message History

Identify which item? (\ to view known items) (? for menu, Esc to quit)
v - a scroll of fog {!r} Read which item? (? for menu, Esc to quit)
Really read
l - 3 scrolls of identify {!r}?
Identify which item? (\ to view known items) (? for menu, Esc to quit)
As you read the scroll of identify {!r}, it crumbles to dust.
e - 2 scrolls of magic mapping {!r} Read which item? (? for menu, Esc to quit)
Really read
l - 2 scrolls of identify {!r}?
Identify which item? (\ to view known items) (? for menu, Esc to quit)
As you read the scroll of identify {!r}, it crumbles to dust.
m - 2 scrolls of random uselessness {!r} A centaur comes into view.
Read which item? (? for menu, Esc to quit)
Okay, then.
A scorpion comes into view.
The centaur shouts!
The scorpion moves out of view.
The ogre hits you with a giant club!
* * * LOW HITPOINT WARNING * * *
Found a stone staircase leading down.
The centaur wields a shortbow.
The centaur shoots an arrow.
The arrow closely misses you.
You see here an arrow.
The centaur shoots an arrow.
The arrow hits you.
* * * LOW HITPOINT WARNING * * *
Found a trident.
The scorpion stings you.
* * * LOW HITPOINT WARNING * * *
The scorpion stings you but does no damage.
You block the scorpion's attack.
A hound comes into view.
Found 14 gold pieces and a potion of might.
You see here a trident.
Found a stone staircase leading down.
The hound barks!
Found 22 sling bullets.
A worker ant comes into view.
The worker ant bites you.
* * * LOW HITPOINT WARNING * * *
The worker ant bites you but does no damage.
The worker ant bites you but does no damage.
You block the worker ant's attack.
The hound stops to sniff the ground.
The worker ant bites you.
* * * LOW HITPOINT WARNING * * *
There is a stone staircase leading down here.
The hound misses you.
A giant newt comes into view.
Drink which item? (? for menu, Esc to quit)
Okay, then.
The centaur shoots an arrow.
The arrow hits you.
* * * LOW HITPOINT WARNING * * *
You see here an arrow.
The giant newt bites you but does no damage.
You block the hound's attack.
Read which item? (? for menu, Esc to quit)
Really read
u - 2 scrolls labeled NAIKI KOEBB {!r}?
As you read the scroll labeled NAIKI KOEBB {!r}, it crumbles to dust.
It is a scroll of enchant armour.
Enchant which item? (? for menu, Esc to quit)
Your +1 helmet glows green for a moment.
You block the hound's attack. You block the giant newt's attack.
The scorpion stings you.
You die...

......>..# ##.......#
.........## ##.....##
###.......### ##....##
##.........####(.....#
#..................##.#
#......>.......<...# .#
###......cO........# .
#####..sha......##
###.@.......#
###l......# #.......#
#.......# ........#
....... ....... .......


You could see an ogre, a centaur, a scorpion, a hound, a worker ant and a giant
newt.

Vanquished Creatures
  An orc priest (D:3)
  Natasha (D:3)
  7 adders
  3 oozes
  A worm (D:3)
  3 dart slugs
  3 giant geckos
  4 orcs
  4 giant cockroaches
  11 goblins
  9 hobgoblins
  5 jackals
  2 quokkas
  A ball python (D:3)
  A ball python skeleton (D:4)
  7 bats
  10 giant newts
  12 kobolds
  5 rats
90 creatures vanquished.

Notes
Turn   | Place    | Note
--------------------------------------------------------------
     0 | D:1      | Amnesiac the Deep Elf Fighter began the quest for the Orb.
     0 | D:1      | Reached XP level 1. HP: 13/13 MP: 3/3
    67 | D:1      | Reached skill level 1 in Dodging
   152 | D:1      | Reached skill level 2 in Dodging
   155 | D:1      | Reached XP level 2. HP: 18/18 MP: 4/4
   401 | D:1      | Reached skill level 3 in Dodging
   587 | D:1      | Reached XP level 3. HP: 21/22 MP: 5/5
  1138 | D:2      | Reached skill level 4 in Dodging
  1238 | D:2      | Reached XP level 4. HP: 18/27 MP: 6/6
  1778 | D:3      | Found a shattered altar of Ashenzari.
  1786 | D:3      | Found an ancient bone altar of Kikubaaqudgha.
  1788 | D:3      | Found a basalt altar of Yredelemnul.
  1834 | D:3      | Found a stormy altar of Qazlal.
  1846 | D:3      | Reached skill level 5 in Dodging
  2343 | D:3      | Reached XP level 5. HP: 29/31 MP: 7/7
  2931 | D:4      | Noticed Natasha
  2973 | D:3      | Killed Natasha
  3243 | D:4      | Found a blossoming altar of Fedhas.
  3245 | D:4      | Found an iron altar of Okawaru.
  3246 | D:4      | Found a radiant altar of Vehumet.
  3246 | D:4      | Found a white marble altar of Elyvilon.
  3298 | D:4      | Noticed Pikel
  3298 | D:4      | Noticed a slave
  3315 | D:4      | Noticed a slave
  3316 | D:4      | Noticed a slave
  3317 | D:4      | Noticed a slave
  3409 | D:3      | Noticed Natasha
  3891 | D:5      | Entered Level 5 of the Dungeon
  3891 | D:5      | Noticed an ogre
  3895 | D:5      | Noticed a centaur
  3916 | D:5      | HP: 1/32 [centaur/arrow (1)]
  3918 | D:5      | Slain by a scorpion

Skill      XL: |  1  2  3  4  5 |
---------------+----------------+-----
Dodging        | 2 3 4 5 |  5.0
Shields        | 3 |  3.0
Armour         | 3 |  3.0
Fighting       | 3 |  3.0
Short Blades   | |  2.0

Action                   |  1- 3 |  4- 6 || total
-------------------------+-------+-------++-------
Melee: Rapier            |       |   186 ||   186
 Fire: Hunting sling     |   213 |    39 ||   252
  Use: Scroll            |     1 |     4 ||     5
       Potion            |       |     7 ||     7
 Stab: Sleeping          |       |     1 ||     1
  Eat: Chunk             |     5 |    16 ||    21
Armor: Chain mail        |    97 |     3 ||   100
       Plate armour      |       |    18 ||    18
       Mottled dragon ar |       |    69 ||    69
Dodge: Dodged            |    33 |   104 ||   137
Block: Shield            |    86 |   110 ||   196
